 Dungeon Crawl Stone Soup version 0.31-a0-986-g5e6e4ef867 (webtiles) character file.

Game seed: 14661763851089407212

72 dialectric the Covert (level 4, 0/31 HPs)
             Began as an Octopode Delver on Nov 7, 2023.
             Succumbed to a scorpion's poison
             ... on level 6 of the Dungeon.
             The game lasted 00:00:27 (55 turns).

dialectric the Covert (Octopode Delver)               Turns: 55, Time: 00:00:28

Health: 0/31       AC:  1    Str: 13    XL:     4   Next: 26%
Magic:  4/4        EV: 13    Int: 12    God:
Gold:   14         SH:  0    Dex: 13    Spells: 3/3 levels left

rFire   . . .        a - +0 short sword
rCold   . . .        (no shield)
rNeg    . . .        (helmet restricted)
rPois   .            (no amulet)
rElec   .            (no ring)
rCorr   .            (no ring)
SInv    .            (no ring)
Will    .....        (no ring)
Stlth   +++++        (no ring)
HPRegen 0.25/turn    (no ring)
MPRegen 0.09/turn    (no ring)
                     (no ring)

%: no passive effects
@: lethally poisoned (0 -> -2), attractive
A: almost no armour, amphibious, 8 rings, camouflage 1, gelatinous body 1,
(nimble swimmer 1), tentacles
a: no special abilities


You were on level 6 of the Dungeon.
You visited 1 branch of the dungeon, and saw 2 of its levels.

You collected 14 gold pieces.

Inventory:

Hand Weapons
 a - a +0 short sword (weapon)
Wands
 f - a wand of digging (3)
Scrolls
 b - a scroll of fog
 c - a scroll of revelation
 d - a scroll of fear
Potions
 e - a potion of haste


   Skills:
 + Level 3.4 Fighting
 + Level 2.2 Short Blades
 + Level 2.1 Dodging
 + Level 8.2 Stealth


You had 3 spell levels left.
You didn't know any spells.
Your spell library was empty.

Dungeon Overview and Level Annotations

Branches:
Dungeon (6/15)
 Temple: D:4-7

Altars:

Shops:
D:6 :


Innate Abilities, Weirdness & Mutations

You cannot wear most types of armour.
You are amphibious.
You can wear up to eight rings at the same time.
Your skin changes colour to match your surroundings (Stealth+).
Your rubbery body absorbs attacks. (AC +1, EV +1)
((You are camouflaged when in or above water. (Stealth+)))
You have tentacles for arms and can constrict up to eight enemies at once.


Message History

You constrict the scorpion, but do no damage.
The scorpion stings you.
You are lethally poisoned!
The scorpion poisons you!
You hit the scorpion but do no damage.
The scorpion is severely wounded.
You constrict the scorpion.
You feel very sick. The scorpion stings you.
* * * LOW HITPOINT WARNING * * *
You hit the scorpion.
You kill the scorpion!
* * * LOW HITPOINT WARNING * * *
You feel sick.
Your Stealth skill increases to level 8!
You have reached level 3!
Your experience leads to an increase in your attributes!
Increase (S)trength, (I)ntelligence, or (D)exterity?
You feel stronger. x2
You have reached level 4!
You enter the deep water.
* * * LOW HITPOINT WARNING * * *
You feel sick.
* * * LOW HITPOINT WARNING * * *
You feel sick.
You enter the deep water.
* * * LOW HITPOINT WARNING * * *
You feel sick.
* * * LOW HITPOINT WARNING * * *
You feel sick.
You enter the deep water.
* * * LOW HITPOINT WARNING * * *
You feel sick.
It was a potion of attraction.
You feel attractive to monsters.
* * * LOW HITPOINT WARNING * * *
You feel sick.
Unknown command.
There is a lethal amount of poison in your body!
You die...

.........)....# ...#
.............###.#.#
.≈≈≈≈≈≈≈≈≈≈≈..#......
#.≈.........≈.........
#.≈.≈≈≈≈≈≈≈.≈....#.#..#
#.≈.≈.....≈.≈..<......#
#.≈.≈.≈≈≈.≈.≈....####.#
#.≈.≈.≈∩≈.≈.≈..#.#
#.≈.≈...≈.≈.≈@.#.#
#.≈.≈≈≈≈≈.≈.≈..#.#
#.≈.......≈.≈....#
#.≈≈≈≈≈≈≈≈≈.≈.#.##
#............≈.#.#
#..≈≈≈≈≈≈≈≈≈≈≈.#.#
#.l............# #
#.......†........#
##################


There were no monsters in sight!

Vanquished Creatures
  A scorpion (D:6)
  An adder (D:6)
  An orc (D:6)
3 creatures vanquished.

Notes
Turn   | Place    | Note
-------+----------+-------------------------------------------
     0 | D:5      | dialectric the Octopode Delver began the quest for the Orb.
     0 | D:5      | Reached XP level 1. HP: 16/16 MP: 1/1
     5 | D:6      | Noticed an iguana
     5 | D:6      | Noticed a bullfrog
     8 | D:6      | Reached skill level 7 in Stealth
     8 | D:6      | Reached XP level 2. HP: 21/21 MP: 2/2
    17 | D:6      | Found Rubavveth's Book Shoppe.
    36 | D:6      | Noticed a scorpion
    48 | D:6      | Killed a scorpion
    49 | D:6      | Reached skill level 8 in Stealth
    49 | D:6      | Reached XP level 3. HP: 6/26 MP: 3/3
    49 | D:6      | Reached XP level 4. HP: 7/31 MP: 4/4
    53 | D:6      | HP: 1/31 [poisoned by a scorpion]
    55 | D:6      | Succumbed to a scorpion's poison

Illustrated notes

Levels and vault maps discovered:
D:5:      layout_loops_ring, trog_ov_bears_minmay, kennysheep_pointless_box,
          minivault_14, minmay_misc_feat_columns, uniq_duvessa
D:6:      layout_loops_ring, nicolae_vehumet_radiance,
          mainiacjoe_overflow_24_doors, minmay_temple_entry_wispy, serial_shops,
          nicolae_inconvenience_store, kennysheep_crisscross,
          skrybe_limestone_x, st_stairs_1, minmay_misc_feat_nine_boxes,
          dk_rats_in_the_wall, uniq_blork_the_orc

Skill      XL: |  1  2 |
---------------+-------+-----
Stealth        | 7 8 |  8.2
Fighting       | |  3.4
Short Blades   | |  2.2
Dodging        | |  2.1

Action                     |  1- 3 |  4- 6 || total
---------------------------+-------+-------++-------
  Melee: Short sword       |    10 |       ||    10
         Constrict         |     2 |       ||     2
         Tentacles         |     1 |       ||     1
    Use: Potion            |       |     1 ||     1
   Stab: Sleeping          |     2 |       ||     2
 Armour: Skin              |     3 |       ||     3
  Dodge: Dodged            |     5 |       ||     5

Table legend: (Time is in decaauts)
 A = Elapsed time spent in this place.
 B = Non-inter-level travel time spent in this place.
 C = Inter-level travel time spent in this place.
 D = Time resting spent in this place.
 E = Time spent auto-exploring this place.
 F = Levels seen in this place.
 G = Mean time per level.
                   A        B        C        D        E       F      G
               +--------+--------+--------+--------+--------+-----+--------+
         Total |     54 |     54 |      0 |      0 |      0 |   2 |   27.0 |
       Dungeon |     54 |     54 |      0 |      0 |      0 |   2 |   27.0 |
               +--------+--------+--------+--------+--------+-----+--------+

Top non-repeatable levels by time:
     D:6: 42 daAuts
     D:5: 11 daAuts
